 Dungeon Crawl Stone Soup version 0.28-a0-1429-gf3d713df7a (console) character file.

Game seed: 2439158188547929308

138028 petzl the Eclecticist (level 17, -3/131 (135) HPs)
             Began as a Formicid Arcane Marksman on Jan 9, 2022.
             Was the Champion of Vehumet.
             Slain by a spatial maelstrom (4 damage)
             ... on level 2 of the Abyss on Jan 12, 2022.
             The game lasted 06:07:19 (37531 turns).

petzl the Eclecticist (Formicid Arcane Marksman)   Turns: 37531, Time: 06:07:19

HP:   -3/131 (135)  AC: 14    Str:  9    XL:     17   Next: 85%
MP:   31/45         EV: 15    Int: 21    God:    Vehumet [******]
Gold: 1069          SH:  9    Dex: 11    Spells: 1/46 levels left

rFire   . . .      SeeInvis +   a - +8 rapier "Fyriw" {protect, MP+9}
rCold   + + .      Faith    .   u - +0 buckler
rNeg    . . .      Spirit   .   l - +1 ring mail of the Stag {rElec Regen+ SInv Stlth-}
rPois   +          Reflect  +   (helmet unavailable)
rElec   +          Harm     .   d - +1 cloak {rC+}
rCorr   +          Rampage  .   P - +2 pair of gloves
Will    +++..                   U - +0 pair of boots
Stlth   ++........              C - amulet "Xela" {Reflect Will++ Str-2 Int+2 SH+5}
HPRegen 1.11/turn               O - +4 ring of evasion
MPRegen 0.29/turn               t - ring of Neaqios {rPois rC+ rCorr Int-2}

@: lightly drained, very slow
A: permanent stasis, dig shafts and tunnels, antennae 3, four strong arms, [weak
2]
a: Dig, Shaft Self, Renounce Religion


You were on level 2 of the Abyss.
You worshipped Vehumet.
Vehumet was exalted by your worship.
You visited 6 branches of the dungeon, and saw 25 of its levels.
You visited the Abyss 1 time.
You also visited: Ossuary and Ice Cave.

You collected 2963 gold pieces.
You spent 1894 gold pieces at shops.

Inventory:

Hand Weapons
 a - the +8 rapier "Fyriw" (weapon) {protect, MP+9}
   (You found it on level 10 of the Dungeon)

   It grants its wielder temporary protection when it strikes (+7 to AC).
   MP:        It affects your magic capacity (+9).
 b - a +2 hand crossbow of flaming
 c - the +10 hand axe "Trog's Righteous Anger" {vorpal, rC+ rN+ Int+4, !f =f}
   (You bought it in a shop on level 5 of the Dungeon)

   It inflicts extra damage upon your enemies.
   Int:       It affects your intelligence (+4).
   rC:        It protects you from cold.
   rN:        It protects you from negative energy.
 k - a +3 scimitar of freezing
Missiles
 i - 62 poisoned darts (quivered)
 K - 65 bolts
 Q - 3 throwing nets
Armour
 d - a +1 cloak of cold resistance (worn)
 f - a +1 crystal plate armour of cold resistance
 l - the +1 ring mail of the Stag (worn) {rElec Regen+ SInv Stlth-}
   (You found it in an ice cave)

   rElec:     It insulates you from electricity.
   SInv:      It lets you see invisible.
   Regen:     It increases your rate of health regeneration.
   Stlth:     It makes you less stealthy.
 n - a +2 robe of fire resistance
 u - a +0 buckler (worn)
 G - a +4 troll leather armour
 P - a +2 pair of gloves (worn)
 U - a +0 pair of boots (worn)
Jewellery
 j - a ring of positive energy
 p - a ring of protection from fire
 r - the ring "Mamamih" {rPois Str+6 Int-2 Dex+5 SInv}
   (You found it in an ice cave)

   [ring of strength]

   Str:       It affects your strength (+6).
   Int:       It affects your intelligence (-2).
   Dex:       It affects your dexterity (+5).
   rPois:     It protects you from poison.
   SInv:      It lets you see invisible.
 t - the ring of Neaqios (right hand) {rPois rC+ rCorr Int-2}
   (You found it in an ice cave)

   [ring of protection from cold]

   Int:       It affects your intelligence (-2).
   rC:        It protects you from cold.
   rPois:     It protects you from poison.
   rCorr:     It protects you from acid and corrosion.
 x - the ring "Asempiag" {Ice Int+4 Dex+3 Stlth+}
   (You found it in an ice cave)

   [ring of ice]

   It enhances your ice magic.
   Int:       It affects your intelligence (+4).
   Dex:       It affects your dexterity (+3).
   rF:        It makes you vulnerable to fire.
   rC:        It protects you from cold.
   Stlth:     It makes you more stealthy.
 B - a ring of resist corrosion
 C - the amulet "Xela" (around neck) {Reflect Will++ Str-2 Int+2 SH+5}
   (You found it in an ice cave)

   [amulet of reflection]

   It reflects blocked missile attacks.
   Str:       It affects your strength (-2).
   Int:       It affects your intelligence (+2).
   SH:        It affects your SH (+5).
   Will:      It greatly increases your willpower.
 E - a ring of poison resistance
 F - an amulet of regeneration
 O - a +4 ring of evasion (left hand)
 X - a ring of flight
 Z - a ring of protection from cold
Wands
 m - a wand of flame (38)
 q - a wand of digging (4)
 y - a wand of iceblast (10)
 D - a wand of mindburst (39)
 V - a wand of charming (6)
Scrolls
 g - a scroll of fear
 z - 5 scrolls of magic mapping
 L - 2 scrolls of identify
 W - a scroll of fog
Potions
 e - a potion of resistance
 o - 2 potions of flight
 v - 5 potions of curing
 w - 7 potions of might
 A - 3 potions of brilliance
 H - 4 potions of heal wounds
 I - 4 potions of lignification
 J - a potion of mutation
 N - a potion of ambrosia
 S - 2 potions of magic


   Skills:
 + Level 12.5 Fighting
 - Level 3.0 Short Blades
 - Level 1.9 Staves
 - Level 3.6 Crossbows
 - Level 6.0 Armour
 - Level 6.8 Dodging
 + Level 11.9 Stealth
 - Level 4.0 Shields
 + Level 15.0 Spellcasting
 * Level 13.1 Conjurations
 - Level 3.6 Hexes
 - Level 5.4 Necromancy
 - Level 2.0 Translocations
 - Level 4.0 Transmutations
 - Level 6.9 Fire Magic
 - Level 4.7 Ice Magic
 - Level 5.3 Air Magic
 - Level 6.5 Earth Magic
 - Level 4.0 Poison Magic
 - Level 4.0 Evocations


You had one spell level left.
You knew the following spells:

 Your Spells              Type           Power      Damage    Failure   Level
a - Slow                  Hex            100%       N/A       2%          1
b - Poisonous Vapours     Pois/Air       70%        N/A       1%          2
c - Dispel Undead         Necr           38%        3d16      12%         4
d - Fireball              Conj/Fire      27%        3d12      1%          5
j - Conjure Flame         Conj/Fire      55%        6-21      1%          3
o - Orb of Destruction    Conj           31%        9d12      12%         7
s - Sticky Flame          Conj/Fire      55%        2d7       1%          4
u - Sublimation of Blood  Necr           38%        N/A       1%          2
A - Ozocubu's Armour      Ice            35%        N/A       4%          3
C - Conjure Ball Lightni  Conj/Air       26%        3x3d7     11%         6
I - Ignite Poison         Fire/Tmut/Pois 36%        N/A       1%          3
P - Apportation           Tloc           48%        N/A       4%          1
T - Olgreb's Toxic Radia  Pois           32%        N/A       6%          4

Your spell library contained the following spells:

 Spells                   Type           Power      Damage    Failure   Level
 Animate Skeleton         Necr           76%        N/A       1%          1
 Foxfire                  Conj/Fire      100%       2x1d9     1%          1
 Magic Dart               Conj           100%       1d8       1%          1
 Sting                    Tmut/Pois      100%       1d8       2%          1
 Summon Small Mammal      Summ           60%        N/A       12%         1
 Corpse Rot               Necr/Air       76%        N/A       1%          2
 Static Discharge         Conj/Air       53%        N/A       1%          2
 Inner Flame              Hex/Fire       37%        N/A       1%          3
 Iskenderun's Battlesphe  Conj           63%        2d11      1%          5
 Irradiate                Conj/Tmut      25%        3d22      2%          5
 Vampiric Draining        Necr           38%        2d8       3%          3
 Lee's Rapid Deconstruct  Erth           21%        3d13*     6%          5
 Confusing Touch          Hex            31%        N/A       8%          3
 Iron Shot                Conj/Erth      27%        9d6       9%          6
 Portal Projectile        Hex/Tloc       54%        N/A       11%         3
 Petrify                  Tmut/Erth      37%        N/A       13%         4
 Gell's Gravitas          Tloc           24%        N/A       14%         3
 Teleport Other           Tloc           24%        N/A       14%         3
 Leda's Liquefaction      Hex/Erth       18%        N/A       14%         4
 Cause Fear               Hex            15%        N/A       26%         4
 Spellforged Servitor     Conj/Summ      21%        N/A       82%         7
 Statue Form              Tmut/Erth      24%        N/A       90%         6
 Ozocubu's Refrigeration  Ice            17%        4d8       96%         7
 Dispersal                Tloc           12%        N/A       100%        6


Dungeon Overview and Level Annotations

Branches:
Dungeon (11/15)            Temple (1/1) D:7            Lair (6/6) D:8
 Shoals (3/4) Lair:2       Spider (2/4) Lair:3        Slime (0/5) Lair:5
    Orc (2/2) D:9             Elf (0/3) Orc:2       Ossuary (visited)
  IceCv (visited)

Altars:
Ashenzari
Cheibriados
Dithmenos
Elyvilon
Fedhas
Gozag
Hepliaklqana
Kikubaaqudgha
Makhleb
Nemelex Xobeh
Okawaru
Qazlal
Ru
Sif Muna
Trog
Uskayaw
Vehumet
Wu Jian
Xom
Yredelemnul
Zin
The Shining One
Beogh
Jiyva

Shops:
D:2 ?   D:5 (((?   Orc:1 [   Orc:2 *!*:   Shoals:1 *

Annotations:
D:3 1 runed translucent door
D:10 exclusion: downstairs
Shoals:1 exclusion: downstairs
Shoals:2 Ilsuiw
Spider:1 exclusion: downstairs
Spider:2 Arachne


Innate Abilities, Weirdness & Mutations

You cannot be hasted, slowed, berserked, paralysed or teleported.
You can dig through walls and to a lower floor.
You have a pair of large antennae on your head. (SInv)
Your four strong arms can wield two-handed weapons with a shield.
[You are very weak. (Str -4)]


Message History

A spatial vortex comes into view.
A spatial vortex and a sun demon come into view.
A spatial maelstrom comes into view.
The spatial maelstrom hits you but does no damage.
You block the spatial maelstrom's attack.
You block the orange demon's attack. The orange demon closely misses you.
The sun demon closely misses you.
A spatial vortex comes into view.
The orange demon misses you.
A spatial vortex comes into view.
The spatial maelstrom hits you. Space warps around you.
The spatial maelstrom hits you but does no damage.
A starcursed mass splits.
The sun demon completely misses you.
A starcursed mass splits.
The spatial maelstrom hits you but does no damage.
The spatial maelstrom closely misses you.
You enter the shallow water.
Moving in this stuff is going to be slow.
The wretched star pulses with an eldritch light!
You feel weaker. x2
You block the sun demon's attack.
The spatial maelstrom hits you! x2; Space warps around you.
The spatial vortex hits you but does no damage.
A chorus of shrieks assaults your mind.
* * * LOW HITPOINT WARNING * * *
The spatial maelstrom barely misses you.
The spatial maelstrom hits you!
* * * LOW HITPOINT WARNING * * *
Space warps around you.
* * * LOW HITPOINT WARNING * * *
A spatial vortex comes into view.
As you read the scroll of fear, it crumbles to dust.
You assume a fearsome visage.
The sun demon looks frightened! x2; The hell hog looks frightened!
The spatial vortex is unaffected.
The spatial maelstrom is unaffected.
The starcursed mass is unaffected.
The spatial vortex is unaffected.
The starcursed mass is unaffected. x2
The orange demon looks frightened!
The spatial vortex is unaffected. x2; The starcursed mass is unaffected. x2
A deafening chorus of shrieks assaults your mind!
* * * LOW HITPOINT WARNING * * *
Your stasis prevents you from being paralysed.
The spatial maelstrom hits you but does no damage.
The spatial maelstrom hits you!
* * * LOW HITPOINT WARNING * * *
Space warps around you.
You die...

#. #.# . .###. . #.
### . { .#.. ..
.#... # .......
{5{#...... 5 . 5 .
#..#... ##.#. #.#. .
. . #.. {### # .#..#
. #.# ##. {###X#
#.##. . .
#.#...#..#.{#....#
... . . . ......q..
v..# ≈ .. . ) v
#...## .###{.v.≈# .
. .
#.#..#.#.###{#..#≈≈≈
.. . #..#......#{#.
. ≈≈.. .. .
#.#..#...X#.v..#..♣≈
≈_. ..
3#.{...{...#.≈#.#≈≈
. ..
#.{.####.#.X..≈≈≈≈≈.
. # ≈ .
#{{XX##≈≈≈≈≈≈≈ .
...##{#43h≈≈≈≈≈≈≈ ≈
. { #...{3.≈≈v≈≈.#.≈
. #....##X≈≈≈≈.≈≈ ≈
≈≈ #... #v@v≈≈≈≈≈.
..##..#≈≈≈≈≈≈≈.≈ ≈
..# .##.≈≈≈≈≈≈≈.# #.
..≈#≈≈≈≈≈≈.≈#
###≈≈≈≈≈≈.#.≈
≈≈≈≈≈≈≈≈.##
...≈≈≈≈.#.#
#....≈≈≈####


You could see 5 starcursed masses, a spatial maelstrom, a hell hog (fleeing), 2
sun demons, 2 spatial vortices and an orange demon (fleeing).

Vanquished Creatures
  Jorgrun (Orc:2)
  Polyphemus (Shoals:2)
  Donald (Orc:2)
  A rockslime (IceCv)
  An azure jelly (IceCv)
  An orc warlord (D:9)
  6 quicksilver oozes (IceCv)
  The ghost of Dutwide the Impaler, a journeyman MfGl of Yredelemnul (Lair:4)
  The ghost of Vainiore the Grappler, a journeyman VSTm of Qazlal (Lair:5)
  Snorg (Lair:5)
  2 merfolk javelineers (Shoals:2)
  A merfolk impaler (Shoals:3)
  9 hydras
  3 catoblepae
  2 boulder beetles
  A naga warrior (Abyss:2)
  A centaur warrior (Shoals:2)
  A merfolk avatar (Shoals:2)
  2 satyrs (Shoals:2)
  An alligator snapping turtle (Shoals:3)
  5 two-headed ogres
  A death knight (D:11)
  24 death yaks
  2 orc high priests (Orc:2)
  A steelbarb worm (Spider:1)
  A pharaoh ant (Spider:1)
  5 sea snakes
  4 orb spiders
  Pikel (D:8)
  An orc knight (Orc:1)
  3 orange crystal statues (IceCv)
  A phantasmal warrior (D:11)
  9 harpies
  14 fauns
  8 manticores
  6 orc sorcerers
  A salamander (Abyss:2)
  4 wolf spiders
  10 black mambas
  5 merfolk sirens
  Joseph (D:7)
  4 elephants (Lair:3)
  3 water nymphs (Shoals:2)
  17 cane toads
  2 guardian serpents
  Maggie (D:7)
  2 torpor snails
  An unseen horror (D:10)
  A demonic crawler (Spider:1)
  A kobold demonologist (D:10)
  4 rime drakes
  7 komodo dragons
  2 freezing wraiths (D:11)
  An entropy weaver simulacrum (IceCv)
  8 very ugly thing simulacra (IceCv)
  2 wind drakes
  15 merfolk
  8 trolls
  5 meliai
  The ghost of HallandMoats the Skirmisher, an amateur DsFi (D:3)
  3 raiju (Lair:6)
  10 polar bears (Lair:6)
  7 dream sheep (Lair:4)
  4 tarantellas (Spider:1)
  Sigmund (D:3)
  The ghost of bande the Covered, an amateur GrFi (D:4)
  2 hornets (Lair:6)
  A snapping turtle (Shoals:3)
  12 blink frogs
  5 jumping spiders
  2 culicivoras (Spider:1)
  A dire elephant simulacrum (Shoals:1)
  A vampire (D:9)
  14 wyverns
  6 water elementals
  A wraith (D:10)
  A spriggan (D:10)
  62 yaks
  A minotaur simulacrum (Shoals:1)
  4 basilisks
  12 redbacks
  Grum (D:8)
  A naga (Abyss:2)
  A harpy simulacrum (Shoals:1)
  A demonic crawler simulacrum (IceCv)
  14 hell hounds (Lair:6)
  9 wargs
  15 water moccasins
  Duvessa (D:7)
  21 orc warriors
  7 ogres
  2 ice beasts
  An alligator simulacrum (Shoals:1)
  13 black bears
  4 ugly thing simulacra (IceCv)
  2 necrophages
  31 wolves
  6 centaurs
  A lemure (D:8)
  5 bullfrogs
  An elf zombie (Ossuary)
  2 gnoll sergeants
  A kobold brigand (D:7)
  2 scorpions
  3 deep troll simulacra (Shoals:1)
  A wyvern zombie (D:8)
  A water moccasin zombie (D:5)
  A wyvern skeleton (D:7)
  A water moccasin skeleton (D:4)
  Dowan (D:7)
  22 killer bees
  11 wights
  A lindwurm simulacrum (Shoals:1)
  A howler monkey (D:11)
  3 electric eels
  6 centaur zombies
  3 hounds
  Crazy Yiuf (D:2)
  17 orc priests
  A water moccasin simulacrum (D:4)
  A bullfrog skeleton (D:6)
  A gnoll shaman (D:9)
  Natasha (thrice) (D:2)
  3 iguanas
  23 orc wizards
  A hound zombie (Ossuary)
  5 mummies
  A hound skeleton (D:4)
  17 gnolls
  6 adders
  A river rat (D:3)
  A hound simulacrum (D:4)
  2 white imps
  A howler monkey simulacrum (D:4)
  An ufetubus (D:7)
  3 adder zombies (Ossuary)
  A worm (D:3)
  4 dart slugs
  2 adder simulacra (D:4)
  50 orcs
  9 bats
  9 endoplasms
  3 giant cockroaches
  10 goblins
  11 hobgoblins
  6 jackals
  13 kobolds
  4 quokkas
  6 ball pythons
  2 frilled lizards
  A goblin zombie (Ossuary)
  A jackal zombie (Ossuary)
  A kobold zombie (Ossuary)
  3 orc zombies (Ossuary)
  6 rats
  A rat zombie (Ossuary)
  2 ball lightnings (Orc:2)
812 creatures vanquished.

Vanquished Creatures (collateral kills)
  An azure jelly (IceCv)
  A quicksilver ooze (IceCv)
  Urug (D:11)
  A centaur skeleton (D:5)
  A gnoll (D:11)
  2 ball lightnings (Orc:2)
7 creatures vanquished.

Vanquished Creatures (others)
  An ufetubus (Abyss:2)
  41 ball lightnings
  A bush (Lair:6)
  21 foxfires (D:9)
  47 fungi
  134 plants
245 creatures vanquished.

Grand Total: 1064 creatures vanquished

Notes
Turn   | Place    | Note
-------+----------+-------------------------------------------
     0 | D:1      | petzl the Formicid Arcane Marksman began the quest for the
                  | Orb.
     0 | D:1      | Reached XP level 1. HP: 15/15 MP: 2/2
   163 | D:1      | Reached XP level 2. HP: 21/21 MP: 3/3
   212 | D:1      | Reached skill level 1 in Stealth
   387 | D:1      | Reached XP level 3. HP: 26/26 MP: 5/5
  1252 | D:2      | Reached skill level 2 in Spellcasting
  1255 | D:2      | Found Tykuwer's Magic Scroll Emporium.
  1275 | D:2      | Bought a scroll of identify for 20 gold pieces
  1277 | D:2      | Bought a scroll of identify for 20 gold pieces
  1277 | D:2      | Bought a scroll of identify for 20 gold pieces
  1375 | D:2      | Reached skill level 1 in Armour
  1431 | D:2      | Reached XP level 4. HP: 27/33 MP: 7/7
  1839 | D:2      | Reached XP level 5. HP: 26/38 MP: 6/8
  2076 | D:2      | Noticed Natasha
  2251 | D:2      | Found a runed translucent door.
  2252 | D:2      | Noticed Crazy Yiuf
  2464 | D:2      | Bought a scroll of noise for 10 gold pieces
  2476 | D:2      | Killed Crazy Yiuf
  2554 | D:2      | Killed Natasha
  2574 | D:2      | Noticed Natasha
  2582 | D:2      | Killed Natasha
  2583 | D:2      | Reached skill level 1 in Evocations
  2583 | D:2      | Reached XP level 6. HP: 37/44 MP: 8/10
  2776 | D:2      | Noticed Natasha
  2783 | D:2      | Killed Natasha
  2784 | D:2      | Reached skill level 3 in Spellcasting
  3368 | D:3      | Noticed Sigmund
  3423 | D:3      | Found a runed translucent door.
  3425 | D:3      | Noticed HallandMoats's ghost (amateur DsFi)
  3425 | D:3      | You fall into a shaft and drop 2 floors!
  3425 | D:5      | Entered Level 5 of the Dungeon
  3425 | D:5      | Found Waefoh's Weapon Shop.
  3477 | D:5      | Found Esidy's Antique Weapon Boutique.
  3511 | D:5      | Noticed an ogre
  3576 | D:6      | Reached XP level 7. HP: 50/51 MP: 10/12
  3652 | D:5      | Found a hide-covered altar of Uskayaw.
  3733 | D:5      | Reached skill level 1 in Staves
  3791 | D:5      | Found Eriozuteza's Antique Weapon Shop.
  3896 | D:5      | Reached skill level 4 in Spellcasting
  4217 | D:3      | Found a runed translucent door.
  4618 | D:5      | Found Jesaru's Magic Scroll Shop.
  4627 | D:5      | Reached XP level 8. HP: 58/58 MP: 12/14
  4658 | D:5      | Bought a brightly glowing flail for 204 gold pieces
  4658 | D:5      | Identified the +6 flail of Sloth {freeze, *Rage +Blink
                  | SInv} (You bought it in a shop on level 5 of the Dungeon)
  4983 | D:4      | Found a runed translucent gate.
  4983 | D:4      | Found a runed translucent gate.
  4987 | D:4      | Found a runed translucent gate.
  5105 | D:4      | Noticed bande's ghost (amateur GrFi)
  5320 | D:4      | Learned a level 1 spell: Apportation
  5323 | D:4      | Learned a level 2 spell: Poisonous Vapours
  5712 | D:2      | Bought 3 scrolls of identify for 60 gold pieces
  5902 | D:7      | Noticed Joseph
  5957 | D:7      | Found a sand-covered staircase.
  5987 | D:7      | Learned a level 3 spell: Ozocubu's Armour
  6025 | Ossuary  | Entered an ossuary
  6160 | Ossuary  | Reached skill level 1 in Poison Magic
  6500 | D:7      | Reached skill level 1 in Translocations
  6500 | D:7      | Reached skill level 1 in Ice Magic
  6527 | D:7      | Reached skill level 1 in Air Magic
  6782 | D:7      | Noticed Dowan
  7183 | D:6      | Reached skill level 5 in Spellcasting
  7183 | D:6      | Reached XP level 9. HP: 48/64 MP: 16/16
  7379 | D:6      | Found a burning altar of Makhleb.
  7650 | D:7      | Found a staircase to the Ecumenical Temple.
  7669 | Temple   | Entered the Ecumenical Temple
  8139 | D:7      | Noticed Maggie
  8363 | D:7      | HP: 1/64 [centaur/arrow (5)]
  8367 | D:7      | You fall into a shaft and drop 1 floor!
  8626 | D:8      | Noticed Pikel
  8688 | D:7      | You fall into a shaft and drop 3 floors!
  8688 | D:10     | Entered Level 10 of the Dungeon
  8967 | D:10     | Noticed an unseen horror
  8979 | D:10     | Killed an unseen horror
  8980 | D:10     | Reached skill level 6 in Spellcasting
  9192 | D:10     | Found a blossoming altar of Fedhas.
  9334 | D:10     | Reached skill level 7 in Spellcasting
  9460 | D:10     | Identified the +8 rapier "Fyriw" {protect, MP+9}
  9557 | D:10     | Noticed a troll
  9585 | D:10     | Killed a troll
  9586 | D:10     | Reached skill level 8 in Spellcasting
  9586 | D:10     | Reached XP level 10. HP: 70/70 MP: 15/22
  9695 | D:10     | Noticed a kobold demonologist
  9922 | D:10     | Noticed a two-headed ogre
  9935 | D:10     | Killed a two-headed ogre
  9936 | D:10     | Reached skill level 9 in Spellcasting
 10100 | D:9      | Reached skill level 10 in Spellcasting
 10472 | D:9      | Found a radiant altar of Vehumet.
 10472 | D:9      | Found an ancient bone altar of Kikubaaqudgha.
 10473 | D:9      | Found a shimmering blue altar of Sif Muna.
 10479 | D:9      | Got Vehumet's Volume of Confrontation
 10489 | D:9      | Became a worshipper of Vehumet
 10553 | D:9      | Reached skill level 11 in Spellcasting
 10891 | D:9      | Noticed a two-headed ogre
 10942 | D:9      | Killed a two-headed ogre
 10943 | D:9      | Reached skill level 12 in Spellcasting
 10943 | D:9      | Reached XP level 11. HP: 75/75 MP: 21/27
 11140 | D:8      | Found an ornate altar of the Wu Jian Council.
 11144 | D:8      | Found a snail-covered altar of Cheibriados.
 11352 | D:7      | Reached skill level 13 in Spellcasting
 11678 | D:7      | You fall into a shaft and drop 3 floors!
 11693 | D:10     | Reached * piety under Vehumet
 11693 | D:10     | Offered knowledge of Foxfire by Vehumet.
 11694 | D:10     | Reached skill level 1 in Short Blades
 11696 | D:10     | Learned a level 1 spell: Foxfire
 12207 | D:9      | Reached skill level 1 in Fire Magic
 12417 | D:9      | Noticed a two-headed ogre
 12431 | D:9      | Killed a two-headed ogre
 12456 | D:9      | Found a staircase to the Orcish Mines.
 12956 | D:8      | Noticed Grum
 12978 | D:8      | Offered knowledge of Scorch by Vehumet.
 12998 | D:8      | Killed Grum
 13094 | D:8      | Found a staircase to the Lair.
 13112 | D:8      | Reached ** piety under Vehumet
 13314 | D:8      | Reached skill level 5 in Stealth
 13443 | D:8      | Found a glowing silver altar of Zin.
 13596 | D:8      | Killed Pikel
 13597 | D:8      | Reached XP level 12. HP: 83/83 MP: 28/29
 14127 | D:3      | Killed Sigmund
 14202 | D:3      | Killed HallandMoats's ghost
 14341 | D:4      | Killed bande's ghost
 14486 | D:5      | Bought a scroll of identify for 22 gold pieces
 14498 | D:5      | Bought a crystal hand axe for 192 gold pieces
 14498 | D:5      | Identified the +10 hand axe "Trog's Righteous Anger"
                  | {vorpal, rC+ rN+ Int+4} (You bought it in a shop on level 5
                  | of the Dungeon)
 14674 | D:7      | Noticed Duvessa
 14692 | D:7      | Killed Dowan
 14702 | D:7      | Killed Duvessa
 14703 | D:7      | Reached skill level 1 in Conjurations
 14796 | D:7      | Killed Joseph
 14877 | D:7      | Killed Maggie
 15608 | D:10     | Noticed a sixfirhy
 15857 | D:10     | Noticed a two-headed ogre
 15872 | D:10     | Killed a two-headed ogre
 15878 | D:10     | Offered knowledge of Ignite Poison by Vehumet.
 16114 | D:11     | Reached skill level 5 in Conjurations
 16194 | D:11     | Noticed Urug
 16223 | D:11     | Noticed a two-headed ogre
 16234 | D:11     | Killed a two-headed ogre
 16327 | D:11     | Killed Urug
 16385 | D:11     | Reached *** piety under Vehumet
 16392 | D:11     | Learned a level 3 spell: Ignite Poison
 16432 | D:11     | Noticed a death knight
 16569 | Lair:1   | Entered Level 1 of the Lair of Beasts
 16702 | Lair:1   | Reached skill level 1 in Transmutations
 16840 | Lair:1   | Noticed an eight-headed hydra
 17408 | Lair:1   | Reached skill level 5 in Fighting
 17574 | Lair:1   | Reached XP level 13. HP: 91/91 MP: 28/30
 18058 | Lair:2   | Found a staircase to the Shoals.
 18071 | Lair:2   | Offered knowledge of Conjure Flame by Vehumet.
 18076 | Lair:2   | Learned a level 3 spell: Conjure Flame
 19113 | Lair:3   | Learned a level 4 spell: Sticky Flame
 19581 | Lair:3   | Found a hole to the Spider Nest.
 20219 | Lair:4   | Reached **** piety under Vehumet
 20328 | Lair:4   | Noticed a seven-headed hydra
 20450 | Lair:4   | Offered knowledge of Olgreb's Toxic Radiance by Vehumet.
 20550 | Lair:3   | Learned a level 4 spell: Olgreb's Toxic Radiance
 20645 | Lair:4   | Found a transporter.
 20654 | Lair:4   | Noticed a six-headed hydra
 20673 | Lair:4   | Noticed Dutwide's ghost (journeyman MfGl)
 20674 | Lair:4   | Reached skill level 5 in Fire Magic
 20678 | Lair:4   | Noticed a catoblepas
 20688 | Lair:4   | Noticed a seven-headed hydra
 21073 | Lair:4   | Noticed a five-headed hydra
 21183 | Lair:4   | You fall into a shaft and drop 1 floor!
 21339 | Lair:5   | Found a runed translucent gate.
 21343 | Lair:5   | Found a runed translucent gate.
 21343 | Lair:5   | Found a runed translucent gate.
 21343 | Lair:5   | Noticed Vainiore's ghost (journeyman VSTm)
 21343 | Lair:5   | Noticed a 12-headed hydra
 21416 | Lair:5   | Found a staircase to the Slime Pits.
 21417 | Lair:5   | Found a viscous altar of Jiyva.
 21427 | Lair:6   | Entered Level 6 of the Lair of Beasts
 21456 | Lair:6   | Identified the +1 leather armour "Toeczat" {+Inv rN+ Dex+7}
 21751 | Lair:6   | Reached XP level 14. HP: 104/104 MP: 31/31
 22023 | Lair:5   | Reached ***** piety under Vehumet
 22023 | Lair:5   | Offered knowledge of Iskenderun's Battlesphere by Vehumet.
 22588 | Lair:5   | Noticed Snorg
 22953 | Lair:4   | Found a transporter.
 23819 | Lair:5   | Killed Snorg
 23820 | Lair:5   | Reached skill level 10 in Fighting
 23953 | Lair:6   | Reached skill level 10 in Conjurations
 24287 | Lair:6   | Learned a level 4 spell: Dispel Undead
 24469 | Lair:6   | Reached skill level 1 in Necromancy
 24779 | Lair:6   | Reached XP level 15. HP: 117/117 MP: 32/32
 24808 | Lair:6   | Reached skill level 5 in Dodging
 24808 | Lair:6   | Reached skill level 10 in Stealth
 25217 | Lair:6   | Identified the +3 chain mail of the Black Moon {rF+ Dex+3
                  | Slay+3}
 25985 | Lair:6   | Offered knowledge of Conjure Ball Lightning by Vehumet.
 25993 | Lair:6   | Learned a level 6 spell: Conjure Ball Lightning
 26907 | Lair:5   | Killed Vainiore's ghost
 26964 | Lair:5   | Identified the +6 demon blade "Moxo" {drain, Str+8 Int-3}
 27065 | Lair:4   | You fall into a shaft and drop 2 floors!
 27215 | Lair:4   | Killed Dutwide's ghost
 27218 | Lair:4   | You fall into a shaft and drop 1 floor!
 27727 | Orc:1    | Entered Level 1 of the Orcish Mines
 27761 | Orc:1    | Noticed an orc warlord
 27862 | D:9      | You fall into a shaft and drop 2 floors!
 28092 | D:9      | Killed an orc warlord
 28093 | D:9      | Reached skill level 5 in Necromancy
 28093 | D:9      | Reached XP level 16. HP: 127/127 MP: 15/33
 28787 | Orc:2    | Entered Level 2 of the Orcish Mines
 28836 | Orc:2    | Noticed Jorgrun
 28888 | Orc:1    | Found Hylehogg's Armour Shoppe.
 28899 | Orc:1    | Bought a +0 buckler for 63 gold pieces
 29277 | Orc:1    | Reached skill level 1 in Shields
 29277 | Orc:1    | Offered knowledge of Spellforged Servitor by Vehumet.
 29537 | Orc:2    | Noticed Donald
 29611 | Orc:2    | Killed Donald
 29687 | Orc:2    | Reached ****** piety under Vehumet
 30104 | Orc:2    | Killed Jorgrun
 30230 | Orc:2    | Found a staircase to the Elven Halls.
 30270 | Orc:2    | Found a radiant altar of Vehumet.
 30402 | Orc:2    | Reached skill level 5 in Air Magic
 30794 | Orc:2    | Found Zeezeix's General Store.
 30794 | Orc:2    | Found Feizaiw's General Store.
 30795 | Orc:2    | Found Wucsi's Distillery.
 30798 | Orc:2    | Found Gouniwa's Book Shop.
 30830 | Orc:2    | Bought a scroll of magic mapping for 45 gold pieces
 30830 | Orc:2    | Bought a scroll of summoning for 123 gold pieces
 30831 | Orc:2    | Bought a potion of heal wounds for 65 gold pieces
 30834 | Orc:2    | Bought a book of Power for 630 gold pieces
 30834 | Orc:2    | Bought a book of Alchemy for 420 gold pieces
 30837 | Orc:2    | Learned a level 2 spell: Sublimation of Blood
 30844 | Orc:2    | Learned a level 6 spell: Iron Shot
 31512 | Spider:1 | Entered Level 1 of the Spider Nest
 31518 | Spider:1 | Reached skill level 1 in Earth Magic
 31686 | Spider:2 | Noticed Arachne
 31978 | Spider:1 | Reached skill level 5 in Earth Magic
 32342 | Spider:1 | Offered knowledge of Orb of Destruction by Vehumet.
 32368 | Spider:1 | Noticed an emperor scorpion
 32521 | D:8      | Learned a level 7 spell: Orb of Destruction
 32618 | Shoals:1 | Entered Level 1 of the Shoals
 32721 | Shoals:1 | Found a frozen archway.
 32858 | Shoals:1 | Found Lyblocurgh's General Store.
 32936 | IceCv    | Entered an ice cave
 33469 | IceCv    | Identified the +1 ring mail of the Stag {rElec Regen+ SInv
                  | Stlth-}
 33616 | IceCv    | Found a viscous altar of Jiyva.
 33616 | IceCv    | Noticed an azure jelly
 33616 | IceCv    | Noticed an azure jelly
 33616 | IceCv    | Noticed a rockslime
 33636 | IceCv    | Killed a rockslime
 33652 | IceCv    | Killed an azure jelly
 33653 | IceCv    | Reached XP level 17. HP: 118/121 MP: 30/34
 33759 | IceCv    | Identified the ring "Mamamih" {rPois Str+6 Int-2 Dex+5
                  | SInv}
 33762 | IceCv    | Got the ring of Neaqios {rPois rC+ rCorr Int-2}
 33765 | IceCv    | Got the ring "Asempiag" {Ice Int+4 Dex+3 Stlth+}
 33767 | IceCv    | Identified the amulet "Xela" {Reflect Will++ Str-2 Int+2
                  | SH+5}
 34841 | Shoals:1 | Reached skill level 5 in Armour
 34998 | Shoals:2 | Noticed Polyphemus
 35098 | Shoals:1 | Offered knowledge of Fireball by Vehumet.
 35450 | Shoals:2 | Reached skill level 14 in Spellcasting
 35952 | Shoals:2 | Noticed Ilsuiw
 36022 | Shoals:2 | Identified the +1 robe "Qoumiguf" {rF- Will+ Int+2}
 36062 | Shoals:2 | Killed Polyphemus
 36338 | Shoals:2 | Learned a level 5 spell: Fireball
 37153 | Shoals:3 | Reached skill level 15 in Spellcasting
 37352 | Shoals:3 | Cast into level 2 of the Abyss (merfolk impaler)
 37355 | Abyss:2  | Found a corrupted altar of Lugonu.
 37457 | Abyss:2  | Found a corrupted altar of Lugonu.
 37474 | Abyss:2  | Found a corrupted altar of Lugonu.
 37531 | Abyss:2  | HP: 1/131 [spatial maelstrom (11)]
 37531 | Abyss:2  | Slain by a spatial maelstrom

Illustrated notes

Levels and vault maps discovered:
D:1:      dpeg_arrival_houses_and_road, layout_basic, minmay_box_of_dots
D:2:      layout_rooms, serial_shops, nicolae_square_shop,
          uniq_crazy_yiuf_cottage, uniq_natasha
D:3:      layout_loops_ring, serial_rivers, chequers_serial_rivers_room_a,
          chequers_serial_rivers_room_a, chequers_serial_rivers_marsh,
          chequers_serial_rivers_marsh, ebering_ghost_sewer_f, fountainhead,
          kennysheep_generic_room_10, uniq_sigmund
D:4:      layout_loops_ring, gammafunk_ghost_icy, grunt_ministairs_5,
          minmay_cut_off
D:5:      layout_cave_pools, nicolae_overflow_hidden_temple, serial_shops,
          shop_coins, nicolae_shop_competitors_out_of_business, shop,
          nicolae_shop_crystal, minmay_misc_feat_enclosed
D:6:      layout_basic, makhleb_blood_cavern_becter
D:7:      layout_basic, minmay_temple_entry_arrows, gup_ossuary_entry_pyramid,
          st_stairs_3, uniq_joseph, uniq_duvessa, uniq_maggie
D:8:      layout_loops_cross, grunt_temple_overflow_open, dpeg_oklobed_lair,
          serial_aquarium, aquarium_bridge_long_separate
          [aquarium_subvault_wall, aquarium_subvault_bridge,
          aquarium_subvault_wall, aquarium_subvault_bridge,
          aquarium_subvault_bridge, aquarium_subvault_window],
          aquarium_window_1, aquarium_window_fake, aquarium_window_fake,
          aquarium_window_2, aquarium_view_2c, aquarium_balcony_3b, uniq_pikel,
          uniq_grum
D:9:      layout_long_grid, grunt_temple_overflow_magic_moments
D:10:     kennysheep_spiral_hall, layout_loops_ring, fedhas_ov_isle_minmay,
          enter_bailey_7, nicolae_benzene_ring, the_hattery
D:11:     layout_rooms, hangedman_minor_magic, uniq_fannar, uniq_urug,
          uniq_erolcha
Temple:   oiseaux_autumnal_temple
Lair:1:   layout_regular_city
Lair:2:   layout_roguey, minmay_shoals_entry_lonely_mermaid,
          serial_bayou_pond_a, infiniplex_staircase_pool, serial_bayou_shore_b
Lair:3:   layout_regular_city, spider_nest_entry_web_field, serial_bayou_ford_a,
          infiniplex_staircase_pool_2
Lair:4:   layout_cave_shapes, nzn_ghost_randoct, lemuel_fruit_tree
Lair:5:   layout_loops_ring, slime_altar_1, gammafunk_ghost_hydra_chop,
          grunt_megastairs_2, uniq_snorg
Lair:6:   hangedman_lair_caniforms_friends, layout_regular_city,
          hangedman_lair_tendril_chambers, bh_autumn_forest_stairs
Shoals:1: nicolae_shoals_island_circles, layout_shoals,
          portal_ice_cave_entry_ice_simulacra, serial_shops,
          nicolae_shop_temple_entry_statues_fountains
Shoals:2: layout_shoals, uniq_ilsuiw, uniq_polyphemus
Shoals:3: layout_shoals, gammafunk_ghost_necromancy, lemuel_altar_in_water
Spider:1: layout_spider_delve, gammafunk_ghost_split
Spider:2: layout_spider_delve, uniq_arachne
Orc:1:    layout_diamond_mine, serial_shops, nicolae_lakefront_shop,
          basic_altar, nicolae_orc_sculptors_studio
Orc:2:    st_orc_mages, layout_caves, basic_altar, uniq_jorgrun, uniq_donald
Abyss:2:  base:
Orc:2

Skill      XL: |  1  2  3  4  5  6  7  8  9 10 11 12 13 14 15 16 17 |
---------------+----------------------------------------------------+-----
Dodging        | 2 3 4 6 |  6.8
Stealth        | 1 2 3 4 5 6 9 11 | 11.9
Spellcasting   | 2 3 4 5 8 12 13 15 | 15.0
Armour         | 1 2 3 4 6 |  6.0
Fighting       | 2 3 4 5 7 10 12 | 12.5
Evocations     | 1 2 3 4 |  4.0
Crossbows      | 3 |  3.6
Staves         | 1 |  1.9
Poison Magic   | 2 3 4 |  4.0
Translocations | 1 2 |  2.0
Ice Magic      | 1 4 |  4.7
Air Magic      | 1 3 5 |  5.3
Short Blades   | 2 3 |  3.0
Fire Magic     | 1 3 6 |  6.9
Conjurations   | 6 8 10 12 13 | 13.1
Transmutations | 2 4 |  4.0
Necromancy     | 3 5 |  5.4
Shields        | 4 |  4.0
Earth Magic    | 6 |  6.5
Hexes          | |  3.6

Action                   |  1- 3 |  4- 6 |  7- 9 | 10-12 | 13-15 | 16-18 || total
-------------------------+-------+-------+-------+-------+-------+-------++-------
Melee: Rapier            |    52 |    36 |     3 |   484 |   226 |   127 ||   928
       Dagger            |       |    31 |       |       |       |       ||    31
       Punch             |       |     4 |     5 |     5 |     4 |       ||    18
       Quarterstaff      |       |    57 |   218 |       |       |       ||   275
       Hand axe          |       |       |       |     8 |       |       ||     8
 Fire: Hand crossbow     |    53 |    27 |    64 |    97 |    46 |    51 ||   338
Throw: Dart              |       |     3 |     7 |       |     3 |     2 ||    15
       Throwing net      |       |     2 |     1 |       |     4 |     2 ||     9
 Cast: Slow              |       |    17 |    77 |   131 |    23 |       ||   248
       Apportation       |       |       |     5 |       |       |     2 ||     7
       Poisonous Vapours |       |       |    13 |   237 |    51 |       ||   301
       Ozocubu's Armour  |       |       |     6 |    56 |    54 |    30 ||   146
       Foxfire           |       |       |       |    12 |       |       ||    12
       Ignite Poison     |       |       |       |    12 |   175 |   185 ||   372
       Olgreb's Toxic Ra |       |       |       |       |   147 |   153 ||   300
       Conjure Flame     |       |       |       |       |    46 |    22 ||    68
       Sticky Flame      |       |       |       |       |    74 |    50 ||   124
       Dispel Undead     |       |       |       |       |     9 |     1 ||    10
       Conjure Ball Ligh |       |       |       |       |       |    16 ||    16
       Orb of Destructio |       |       |       |       |       |    48 ||    48
       Sublimation of Bl |       |       |       |       |       |    10 ||    10
 Abil: Dig               |       |       |     3 |     8 |     3 |     7 ||    21
       Shaft Self        |       |       |     2 |     1 |     3 |       ||     6
Evoke: Wand              |       |       |     7 |     4 |     2 |     8 ||    21
  Use: Scroll            |     2 |     2 |    11 |     9 |     7 |     7 ||    38
       Potion            |       |       |     3 |       |     6 |       ||     9
 Stab: Held in net/web   |       |     1 |       |       |       |       ||     1
       Sleeping          |       |       |     1 |     1 |       |       ||     2
Armor: Robe              |     4 |       |       |       |       |       ||     4
       Leather armour    |    28 |    42 |   108 |       |       |       ||   178
       Troll leather arm |       |       |       |   325 |   221 |    59 ||   605
       Ring mail         |       |       |       |       |       |    46 ||    46
Dodge: Dodged            |    51 |    69 |   170 |   531 |   440 |   233 ||  1494
Block: Buckler           |       |       |       |       |       |    97 ||    97
       Reflection        |       |       |       |       |       |     8 ||     8

Table legend: (Time is in decaauts)
 A = Elapsed time spent in this place.
 B = Non-inter-level travel time spent in this place.
 C = Inter-level travel time spent in this place.
 D = Time resting spent in this place.
 E = Time spent auto-exploring this place.
 F = Levels seen in this place.
 G = Mean time per level.
                   A        B        C        D        E       F      G
               +--------+--------+--------+--------+--------+-----+--------+
         Total |  38057 |  33119 |   4938 |  10564 |   7499 |  28 | 1359.2 |
       Dungeon |  16654 |  14131 |   2523 |   3231 |   4717 |  11 | 1514.0 |
        Temple |    293 |    283 |     10 |      0 |    270 |   1 |  293.0 |
          Lair |  11930 |  10582 |   1348 |   4257 |   1672 |   6 | 1988.3 |
        Shoals |   3225 |   3002 |    223 |   1439 |      0 |   3 | 1075.0 |
   Spider Nest |    660 |    646 |     14 |    229 |      0 |   2 |  330.0 |
  Orcish Mines |   3058 |   2240 |    818 |    349 |    839 |   2 | 1529.0 |
         Abyss |    182 |    182 |      0 |     13 |      0 |   1 |  182.0 |
       Ossuary |    467 |    467 |      0 |    160 |      0 |   1 |  467.0 |
      Ice Cave |   1583 |   1583 |      0 |    886 |      0 |   1 | 1583.0 |
               +--------+--------+--------+--------+--------+-----+--------+

Top non-repeatable levels by time:
  Lair:6: 3592 daAuts
    D:10: 2560 daAuts
     D:8: 2290 daAuts
Shoals:1: 2156 daAuts
     D:9: 2099 daAuts
     D:7: 2010 daAuts
   Orc:1: 1879 daAuts
  Lair:3: 1823 daAuts
  Lair:5: 1783 daAuts
  Lair:4: 1712 daAuts
   IceCv: 1583 daAuts
  Lair:2: 1580 daAuts
     D:2: 1497 daAuts
  Lair:1: 1437 daAuts
     D:1: 1367 daAuts
